 Dungeon Crawl Stone Soup version 0.27.0-1-g7a089689b8 (webtiles) character file.

Game seed: 17614938121342451735

56 HaiZhung the Firebug (level 3, -6/19 HPs)
             Began as a Tengu Fire Elementalist on Aug 15, 2021.
             Splashed by Ijyb's acid (11 damage)
             ... on level 3 of the Dungeon.
             The game lasted 00:12:21 (2251 turns).

HaiZhung the Firebug (Tengu Fire Elementalist)      Turns: 2251, Time: 00:12:24

Health: -6/19      AC: -2    Str:  8    XL:     3   Next: 95%
Magic:  4/7        EV: 12    Int: 16    God:
Gold:   168        SH:  0    Dex: 14    Spells: 2/6 levels left

rFire    . . .     SeeInvis .   g - +0 dagger
rCold    . . .     Faith    .   (no shield)
rNeg     . . .     Spirit   .   a - +0 robe
rPois    .         Reflect  .   (helmet restricted)
rElec    .         Harm     .   d - scarf {+Inv}
rCorr    .         Rampage  .   (no gloves)
Will     .....                  (boots unavailable)
Stlth    ++........             (no amulet)
HPRegen  0.06/turn              (no ring)
MPRegen  0.10/turn              (no ring)

@: corroded, very slightly contaminated
A: beak, talons 3
a: Evoke Invisibility


You were on level 3 of the Dungeon.
You visited 1 branch of the dungeon, and saw 3 of its levels.

You collected 168 gold pieces.

Inventory:

Hand Weapons
 g - a +0 dagger (weapon)
Armour
 a - a +0 robe (worn)
 d - a scarf of invisibility (worn)
 h - a +0 leather armour
Jewellery
 c - a ring of ice
Scrolls
 i - a scroll of identify {unknown}
 j - a scroll of summoning {unknown}
 k - 3 scrolls of silence
 l - a scroll of acquirement {unknown}
 n - a scroll of enchant armour {unknown}
Potions
 b - 2 potions of degeneration {unknown}
 e - 3 potions of curing {unknown}
 f - 2 potions of heal wounds {unknown}
 m - a potion of attraction {unknown}


   Skills:
 - Level 2.1 Dodging
 - Level 2.0 Stealth
 - Level 2.0 Spellcasting
 + Level 2.9 Conjurations
 * Level 4.7 Fire Magic


You had 2 spell levels left.
You knew the following spells:

 Your Spells              Type           Power      Damage    Failure   Level
a - Foxfire               Conj/Fire      52%        2x1d6     4%          1
b - Conjure Flame         Conj/Fire      13%        6-21      13%         3

Your spell library contained the following spells:

 Spells                   Type           Power      Damage    Failure   Level
 Corona                   Hex            1%         N/A       21%         1
 Ensorcelled Hibernation  Hex/Ice        2%         N/A       30%         2
 Inner Flame              Hex/Fire       9%         N/A       24%         3
 Sticky Flame             Conj/Fire      13%        2d4       41%         4
 Gell's Gravitas          Tloc           0%         N/A       52%         3
 Lesser Beckoning         Tloc           0%         N/A       52%         3
 Teleport Other           Tloc           1%         N/A       52%         3
 Tukima's Dance           Hex            1%         N/A       52%         3
 Fireball                 Conj/Fire      6%         3d5       77%         5


Dungeon Overview and Level Annotations

Branches:
Dungeon (3/15)

Altars:

Annotations:
D:3 Ijyb


Innate Abilities, Weirdness & Mutations

You have a beak for a mouth.
You have claws for feet.


Message History

You conjure some foxfire!
The foxfire hits the orc.
The orc is heavily wounded.
The orc shouts!
The foxfire hits the orc.
The orc is severely wounded.
You conjure some foxfire!
The foxfire hits the orc.
You kill the orc!
Your foxfire dissipates!
You see here a +0 dagger.
Found a scale mail.
You now have 168 gold pieces (gained 3).
Found an escape hatch in the floor.
You see here a +0 scale mail.
A giant cockroach comes into view.
You conjure some foxfire!
The foxfire hits the giant cockroach.
The giant cockroach is heavily wounded.
The foxfire hits the giant cockroach.
You kill the giant cockroach!
Found an escape hatch in the ceiling.
Ijyb the Twisted Goblin comes into view.
She is wielding a +0 club and carrying a wand of acid (4).
You conjure some foxfire!
Ijyb shouts!
The foxfire hits Ijyb.
Ijyb is lightly wounded.
The foxfire hits Ijyb but does no damage.
Ijyb is lightly wounded.
You miscast Foxfire.
You are very lightly contaminated with residual magic.
Nothing appears to happen.
You conjure some foxfire!
Ijyb zaps a wand.
The bolt of acid hits your foxfire!!
Your foxfire is splashed with acid.
The acid corrodes your foxfire! The bolt of acid hits you!
Ouch! That really hurt!
* * * LOW HITPOINT WARNING * * *
The acid corrodes you!
You are splashed with acid!
Ouch! That really hurt!
You die...

#........#....#.#.##.##
########....#....#.#.##.#
............#....###.##.#
#########.###....#....#.#
.................#.##.#
#######.###.##.######.#
#...................>#
#.####.###..#.#########
#@# #..#..........
........v.#<.#.#######.#
.......####..### #.#
#.....g.... ..#.## #..
#.......... #.#.# #..
#.......... #.#+#######
#.. #.. .......
#.........# #.. #.#
####### #.........# #..
.#####.#########
#.........####.#


You could see Ijyb (ally target).

Vanquished Creatures
  An adder (D:2)
  2 dart slugs
  An orc (D:3)
  2 endoplasms
  4 giant cockroaches
  A goblin (D:1)
  10 hobgoblins
  4 ball pythons
  2 bats (D:1)
  5 frilled lizards
  3 kobolds
  3 rats (D:1)
38 creatures vanquished.

Vanquished Creatures (collateral kills)
  A foxfire (D:1)
1 creature vanquished.

Vanquished Creatures (others)
  97 foxfires
  3 fungi (D:1)
  A plant (D:1)
101 creatures vanquished.

Grand Total: 140 creatures vanquished

Notes
Turn   | Place    | Note
-------+----------+-------------------------------------------
     0 | D:1      | HaiZhung the Tengu Fire Elementalist began the quest for
                  | the Orb.
     0 | D:1      | Reached XP level 1. HP: 10/10 MP: 4/4
   189 | D:1      | Reached XP level 2. HP: 15/15 MP: 1/6
   261 | D:1      | Found a faded altar of an unknown god.
   779 | D:2      | Reached skill level 4 in Fire Magic
  1103 | D:2      | Reached XP level 3. HP: 19/19 MP: 4/7
  1114 | D:2      | Learned a level 3 spell: Conjure Flame
  2246 | D:3      | Noticed Ijyb
  2251 | D:3      | Splashed by Ijyb's acid

Illustrated notes

Levels and vault maps discovered:
D:1:      saegor_arrival_simple_e, layout_rooms,
          dreamdust_ecumenical_altar_grove, minmay_misc_feat_secret_circle,
          amcnicky_mini_rare_corridor_liquid
D:2:      layout_loops_ring, serial_park_tiny_2
D:3:      layout_basic, uniq_ijyb

Skill      XL: |  1  2 |
---------------+-------+-----
Conjurations   | 2 |  2.9
Fire Magic     | 4 |  4.7
Dodging        | |  2.1
Stealth        | |  2.0
Spellcasting   | |  2.0

Action                   || total
-------------------------++-------
Melee: Dagger            ||     6
       Kick              ||     2
       Peck              ||     1
 Cast: Foxfire           ||    69
  Use: Scroll            ||     3
Armor: Robe              ||     3
Dodge: Dodged            ||    11
